 Dungeon Crawl Stone Soup version 0.25.0-41-g26779e291d (webtiles) character file.

Game seed: 4486231371121671507

212 Ethylacetat the Changer (level 5, 0/33 HPs)
             Began as an Octopode Transmuter on July 10, 2020.
             Was an Initiate of Sif Muna.
             Slain by Sigmund
             ... wielding a +0 scythe
              (11 damage)
             ... on level 3 of the Dungeon.
             The game lasted 00:06:21 (3174 turns).

Ethylacetat the Changer (Octopode Transmuter)       Turns: 3174, Time: 00:06:22

Health: 0/33       AC:  2    Str: 10    XL:     5   Next: 90%
Magic:  9/9        EV: 13    Int: 16    God:    Sif Muna [......]
Gold:   79         SH:  0    Dex: 12    Spells: 6/10 levels left

rFire    . . .     SeeInvis .   f - +1 short sword (elec)
rCold    . . .     Gourm    .   (no shield)
rNeg     + . .     Faith    .   m - +1 hat
rPois    .         Spirit   .   (no amulet)
rElec    .         Reflect  .   h - ring of positive energy
rCorr    .         Harm     .   (no ring)
MR       .....                  (no ring)
Stlth    ++........             (no ring)
HPRegen  0.11/turn              (no ring)
MPRegen  0.11/turn              (no ring)
                                (no ring)
                                (no ring)

@: appendage (expiring)
A: almost no armour, stealthy swim, amphibious, 8 rings, constrict 8, tentacle
spike 3, camouflage 1, gelatinous body 1
a: End Transformation, Renounce Religion


You were on level 3 of the Dungeon.
You worshipped Sif Muna.
Sif Muna was noncommittal.
You were very hungry.
One of your tentacles had a temporary spike.
You visited 1 branch of the dungeon, and saw 3 of its levels.

You collected 79 gold pieces.

Inventory:

Hand Weapons
 f - a +1 short sword of electrocution (weapon)
Missiles
 a - 34 arrows
Armour
 m - a +1 hat (worn)
Jewellery
 h - a ring of positive energy (left tentacle)
Scrolls
 e - a scroll of immolation {unknown}
 i - 2 scrolls of teleportation {unknown}
 j - 3 scrolls of identify {unknown}
 k - a scroll of remove curse {unknown}
 l - a scroll of fear {unknown}
Potions
 b - a potion of curing {unknown}
 d - a potion of lignification {unknown}
 g - a potion of invisibility {unknown}
Comestibles
 c - 4 rations


   Skills:
 - Level 1.5 Fighting
 - Level 2.0 Dodging
 - Level 3.2 Unarmed Combat
 + Level 3.0 Spellcasting
 * Level 4.0 Transmutations
 * Level 3.1 Poison Magic


You had 6 spell levels left.
You knew the following spells:

 Your Spells              Type           Power        Failure   Level  Hunger
a - Beastly Appendage     Tmut           ###...       3%          1    #......
b - Spider Form           Tmut/Pois      ##........   13%         3    ###....

Your spell library contained the following spells:

 Spells                   Type           Power        Failure   Level  Hunger
 Sticks to Snakes         Tmut           ###.....     5%          2    ##.....
 Ice Form                 Ice/Tmut       #.......     63%         4    #####..
 Blade Hands              Tmut           ###.......   69%         5    ######.


Dungeon Overview and Level Annotations

Branches:
Dungeon (3/15)

Altars:
Makhleb
Nemelex Xobeh
Sif Muna

Annotations:
D:3 Sigmund


Innate Abilities, Weirdness & Mutations

You cannot wear most types of armour.
You are very stealthy in the water. (Stealth+)
You are amphibious.
You can wear up to eight rings at the same time.
You can use your tentacles to constrict eight enemies at once.
Your skin changes colour to match your surroundings (Stealth+).
Your rubbery body absorbs attacks. (AC +1, EV +1)
One of your tentacles bears a large vicious spike.


Message History

HP restored.
Sigmund the Dreaded comes into view.
He is wielding a +0 scythe.
Sigmund shouts!
Casting: Beastly Appendage (safe; 3% risk of failure)
Confirm with . or Enter, or press ? or * to list all spells.
One of your tentacles grows a vicious spike.
Sigmund points at you and mumbles some strange words.
You are confused.
You bump into the rock wall.
Sigmund casts a spell.
Sigmund flickers and vanishes!
Deactivating autopickup; reactivate with Ctrl-A.
Something hits you!
You bump into the rock wall.
Your transformation is almost over.
Something hits you.
You feel less confused. Something hits you! Something hits you!
You die...

## #.. #.#########
## #.##.#.##.###.#
#.#.#..#.#.@.# ##.
#(#.........#......
#.#...##.#....###..
#.................
##.################
#..# #.## ##.#
####..#


There were no monsters in sight!

Vanquished Creatures
  A phantom (D:3)
  2 adders (D:2)
  4 gnolls
  3 worms (D:2)
  2 dart slugs
  4 giant cockroaches
  9 goblins
  4 hobgoblins
  8 jackals (D:2)
  10 kobolds
  A ball python (D:2)
  3 bats
  2 frilled lizards
  6 rats
59 creatures vanquished.

Notes
Turn   | Place    | Note
-------+----------+-------------------------------------------
     0 | D:1      | Ethylacetat the Octopode Transmuter began the quest for the
                  | Orb.
     0 | D:1      | Reached XP level 1. HP: 13/13 MP: 3/3
   287 | D:1      | Reached XP level 2. HP: 18/18 MP: 3/5
  1073 | D:1      | Reached XP level 3. HP: 23/23 MP: 6/6
  1224 | D:2      | Learned a level 3 spell: Spider Form
  1447 | D:2      | Reached skill level 1 in Poison Magic
  1720 | D:2      | Reached skill level 3 in Transmutations
  1720 | D:2      | Reached XP level 4. HP: 21/28 MP: 5/7
  1910 | D:2      | Found a burning altar of Makhleb.
  1919 | D:2      | Found a sparkling altar of Nemelex Xobeh.
  2759 | D:2      | Found a shimmering blue altar of Sif Muna.
  2764 | D:2      | Became a worshipper of Sif Muna the Loreminder
  2823 | D:3      | Reached XP level 5. HP: 20/33 MP: 9/9
  2992 | D:3      | Noticed a phantom
  3012 | D:3      | Killed a phantom
  3012 | D:3      | Reached skill level 4 in Transmutations
  3163 | D:3      | Noticed Sigmund
  3174 | D:3      | Slain by Sigmund

Illustrated notes

Levels and vault maps discovered:
D:1:      dpeg_chamrin_arrival_tetris, layout_basic, minmay_misc_feat_x,
          serial_park_tiny_2
D:2:      lemuel_upstairs_altar, layout_loops_cross, grunt_temple_overflow_open
D:3:      layout_basic, first_ration, minmay_misc_feat_rugged,
          serial_bayou_ford_a, uniq_sigmund

Skill      XL: |  1  2  3  4  5 |
---------------+----------------+-----
Poison Magic   | 1 2 3 |  3.1
Transmutations | 3 4 |  4.0
Spellcasting   | 3 |  3.0
Fighting       | |  1.5
Dodging        | |  2.0
Unarmed Combat | |  3.2

Action                   |  1- 3 |  4- 6 || total
-------------------------+-------+-------++-------
Melee: Unarmed           |    37 |       ||    37
       Tentacles         |    17 |     4 ||    21
       Constrict         |    20 |     8 ||    28
       Kick              |    10 |     5 ||    15
       Punch             |     1 |       ||     1
       Short sword       |    43 |    33 ||    76
 Cast: Beastly Appendage |    16 |    11 ||    27
 Stab: Sleeping          |     3 |     2 ||     5
  Eat: Chunk             |     3 |     3 ||     6
Armor: Skin              |     8 |     5 ||    13
Dodge: Dodged            |    36 |    24 ||    60
